 Dungeon Crawl Stone Soup version 0.29-a0-982-gaed3a0c8d8 (webtiles) character file.

Game seed: 11519366291710532452

228 leavemydog the Conjurer (level 5, -10/28 HPs)
             Began as a Deep Elf Conjurer on Aug 1, 2022.
             Killed from afar by Blork the orc (11 damage)
             ... with a bolt of light
             ... on level 4 of the Dungeon.
             The game lasted 00:06:43 (3209 turns).

leavemydog the Conjurer (Deep Elf Conjurer)         Turns: 3209, Time: 00:06:43

Health: -10/28     AC:  2    Str:  6    XL:     5   Next: 70%
Magic:  7/14       EV: 13    Int: 23    God:
Gold:   123        SH:  0    Dex: 19    Spells: 6/13 levels left

rFire   + . .      SeeInvis .   u - +0 dagger
rCold   . . .      Faith    .   (no shield)
rNeg    . . .      Spirit   .   a - +0 robe
rPois   .          Reflect  .   (no helmet)
rElec   .          Harm     .   (no cloak)
rCorr   .          Rampage  .   (no gloves)
Will    .....                   (no boots)
Stlth   ++........              (no amulet)
HPRegen 0.09/turn               d - ring of protection from fire
MPRegen 0.14/turn               i - +6 ring of dexterity

@: no status effects
A: no striking features
a: no special abilities


You were on level 4 of the Dungeon.
You visited 1 branch of the dungeon, and saw 4 of its levels.

You collected 145 gold pieces.
You spent 22 gold pieces at shops.

Inventory:

Hand Weapons
 u - a +0 dagger (weapon)
Missiles
 n - a throwing net
Armour
 a - a +0 robe (worn)
Jewellery
 c - a ring of fire
 d - a ring of protection from fire (left hand)
 i - a +6 ring of dexterity (right hand)
 p - an amulet of the acrobat
 q - a ring of protection from fire
Wands
 o - a wand of light (12)
Scrolls
 f - 2 scrolls of blinking {unknown}
 k - a scroll of silence {unknown}
 s - a scroll of immolation {unknown}
 t - a scroll of vulnerability {unknown}
 v - a scroll of enchant armour {unknown}
 w - a scroll of amnesia {unknown}
 y - a scroll of fear {unknown}
Potions
 b - a potion of magic
 e - 3 potions of brilliance
 g - a potion of curing {unknown}
 h - a potion of heal wounds {unknown}
 j - a potion of berserk rage {unknown}
 l - a potion of might {unknown}
 m - 3 potions of ambrosia
 r - a potion of mutation {unknown}
 x - a potion of flight {unknown}


   Skills:
 - Level 2.4 Dodging
 - Level 2.4 Stealth
 + Level 4.6 Spellcasting
 + Level 6.9 Conjurations
 * Level 1.2 Translocations


You had 6 spell levels left.
You knew the following spells:

 Your Spells              Type           Power      Damage    Failure   Level
a - Magic Dart            Conj           100%       1d8       1%          1
b - Searing Ray           Conj           74%        2d7       1%          2
c - Iskenderun's Mystic   Conj/Tloc      24%        2d7       19%         4

Your spell library contained the following spells:

 Spells                   Type           Power      Damage    Failure   Level
 Dazzling Flash           Conj/Hex       42%        N/A       7%          3
 Slow                     Hex            20%        N/A       10%         1
 Gell's Gravitas          Tloc           11%        N/A       19%         3
 Lesser Beckoning         Tloc           11%        N/A       19%         3
 Teleport Other           Tloc           11%        N/A       19%         3
 Fulminant Prism          Conj/Hex       10%        3d9       24%         4
 Confusing Touch          Hex            5%         N/A       28%         3
 Vampiric Draining        Necr           5%         2d6       28%         3


Dungeon Overview and Level Annotations

Branches:
Dungeon (4/15)
 Temple: D:4-7

Altars:
Makhleb
Qazlal
Sif Muna
Yredelemnul

Shops:
D:3 *

Annotations:
D:4 Blork the orc


Message History

Aiming: Searing Ray (safe; 1% risk of failure)
Press: ? - help, Shift-Dir - straight line, f - Blork the orc
Aim: Blork the orc, wielding a +0 flail, wearing a +0 robe and carrying a wand of light (9) (83% to hit)
The searing ray hits Blork the orc!
Blork the orc is moderately wounded. (Press . to maintain the ray.)
The searing ray hits Blork the orc.
Blork the orc is heavily wounded.
Blork the orc points at you and mumbles some strange words.
The puff of flame hits you. You resist.
The searing ray hits Blork the orc.
Blork the orc is heavily wounded.
Blork the orc gestures at you while chanting.
The puff of flame hits you. You resist.
The searing ray hits Blork the orc but does no damage.
Blork the orc is heavily wounded.
You finish channelling your searing ray.
Casting: Searing Ray (safe; 1% risk of failure)
Confirm with . or Enter, or press ? or * to list all spells.
Aiming: Searing Ray (safe; 1% risk of failure)
Press: ? - help, Shift-Dir - straight line, f/p - Blork the orc
Aim: Blork the orc, wielding a +0 flail, wearing a +0 robe and carrying a wand of light (9) (heavily wounded, 83% to hit)
The searing ray hits Blork the orc!
Blork the orc is severely wounded. (Press . to maintain the ray.) Blork the orc mumbles some strange words.
Blork the orc seems to speed up.
The searing ray hits Blork the orc.
Blork the orc is almost dead.
Blork the orc zaps a wand.
The bolt of light hits you!
You are confused.
Ouch! That really hurt!
* * * LOW HITPOINT WARNING * * *
Blork the orc casts a spell at you. The magic dart hits you.
* * * LOW HITPOINT WARNING * * *
Blork the orc zaps a wand.
The bolt of light misses you.
You feel less confused.
Blork the orc zaps a wand.
The bolt of light hits you!
You die...

........#.)).#
+#......#)######
.+......†........
.#......#........
#.....##############
'.....†.†..........#
#...>.#######..###.#
............†....#.#
#######.########@#.#
#.# #.#<# #.#
#o#O#####. #.#
#.#....... ...
#......o.. ...
#........# ...
...........
###..####### #...


You could see Blork the orc (fast).

Vanquished Creatures
  Natasha (thrice) (D:2)
  An orc wizard (D:4)
  8 adders
  A dart slug (D:3)
  A worm (D:2)
  4 orcs
  4 endoplasms
  A giant cockroach (D:4)
  2 goblins
  6 hobgoblins
  3 jackals (D:4)
  2 quokkas
  5 ball pythons
  6 bats
  7 rats
54 creatures vanquished.

Notes
Turn   | Place    | Note
-------+----------+-------------------------------------------
     0 | D:1      | leavemydog the Deep Elf Conjurer began the quest for the
                  | Orb.
     0 | D:1      | Reached XP level 1. HP: 10/10 MP: 6/6
   348 | D:1      | Reached XP level 2. HP: 15/15 MP: 6/8
   351 | D:1      | Learned a level 2 spell: Searing Ray
   803 | D:2      | Noticed Natasha
   803 | D:2      | Found a faded altar of an unknown god.
   805 | D:2      | Killed Natasha
   806 | D:2      | Reached skill level 5 in Conjurations
   806 | D:2      | Reached XP level 3. HP: 19/19 MP: 5/9
   913 | D:2      | Found a burning altar of Makhleb.
   999 | D:2      | Noticed Natasha
  1309 | D:2      | Reached XP level 4. HP: 24/24 MP: 1/11
  1361 | D:2      | Learned a level 4 spell: Iskenderun's Mystic Blast
  1363 | D:2      | Killed Natasha
  1364 | D:2      | Reached skill level 6 in Conjurations
  1429 | D:2      | Noticed Natasha
  1433 | D:2      | Killed Natasha
  2083 | D:3      | Reached XP level 5. HP: 28/28 MP: 9/13
  2200 | D:3      | Found a burning altar of Makhleb.
  2217 | D:3      | Found Zorocet's General Store.
  2225 | D:3      | Bought a scroll of identify for 22 gold pieces
  2291 | D:3      | Found a stormy altar of Qazlal.
  2291 | D:3      | Found a shimmering blue altar of Sif Muna.
  2755 | D:3      | Found a basalt altar of Yredelemnul.
  2926 | D:4      | Reached skill level 1 in Translocations
  3195 | D:4      | Noticed Blork the orc
  3195 | D:4      | Noticed an ogre
  3208 | D:4      | HP: 1/28 [Blork the orc/magic dart (5)]
  3209 | D:4      | Killed from afar by Blork the orc

Illustrated notes

Levels and vault maps discovered:
D:1:      dpeg_arrival_ternary, layout_loops_ring
D:2:      layout_rooms, basic_altar, ebering_ecumenical_altar_webs,
          kennysheep_decorative_pillar, minmay_curled_crystal, kennysheep_nub,
          minmay_misc_feat_square, chequers_serial_rivers_marsh,
          kennysheep_minor_cross, uniq_natasha
D:3:      layout_basic, lemuel_doored_altar, gammafunk_temple_overflow_pools,
          marbit_many_paths, serial_shops, shop
D:4:      layout_basic, minmay_pentangle, uniq_blork_the_orc, uniq_menkaure

Skill      XL: |  1  2  3  4  5 |
---------------+----------------+-----
Conjurations   | 5 6 |  6.9
Spellcasting   | 4 |  4.6
Translocations | 1 |  1.2
Dodging        | |  2.4
Stealth        | |  2.4

Action                   |  1- 3 |  4- 6 || total
-------------------------+-------+-------++-------
 Cast: Magic Dart        |    34 |    46 ||    80
       Searing Ray       |     4 |     9 ||    13
  Use: Scroll            |       |     2 ||     2
Armor: Robe              |       |     1 ||     1
Dodge: Dodged            |       |     4 ||     4

Table legend: (Time is in decaauts)
 A = Elapsed time spent in this place.
 B = Non-inter-level travel time spent in this place.
 C = Inter-level travel time spent in this place.
 D = Time resting spent in this place.
 E = Time spent auto-exploring this place.
 F = Levels seen in this place.
 G = Mean time per level.
                   A        B        C        D        E       F      G
               +--------+--------+--------+--------+--------+-----+--------+
         Total |   3210 |   3100 |    110 |    977 |   1855 |   4 |  802.5 |
       Dungeon |   3210 |   3100 |    110 |    977 |   1855 |   4 |  802.5 |
               +--------+--------+--------+--------+--------+-----+--------+

Top non-repeatable levels by time:
     D:1: 1091 daAuts
     D:2: 990 daAuts
     D:3: 835 daAuts
     D:4: 292 daAuts
